 Dungeon Crawl Stone Soup version 0.31.0-12-g77e489cdc1 (webtiles) character file.

Game seed: 2636716743635380497

1913 Silvore the Cleaver (level 8, -1/71 HPs)
             Began as a Minotaur Fighter on Feb 22, 2024.
             Was a Priest of Okawaru.
             Killed from afar by Maggie (19 damage)
             ... with a bolt of fire
             ... on level 6 of the Dungeon.
             The game lasted 00:04:48 (4761 turns).

Silvore the Cleaver (Minotaur Fighter)              Turns: 4761, Time: 00:04:50

Health: -1/71      AC: 10    Str: 23    XL:     8   Next: 95%
Magic:  7/7        EV:  9    Int:  5    God:    Okawaru [***...]
Gold:   267        SH:  6    Dex: 10    Spells: 7/7 levels left

rFire   . . .        n - +4 war axe (flame)
rCold   . . .        c - +1 buckler
rNeg    . . .        v - +0 chain mail
rPois   .            (helmet restricted)
rElec   .            (no cloak)
rCorr   .            (no gloves)
SInv    .            (no boots)
Will    .....        (no amulet) Stlth
                     (no ring)
HPRegen 0.31/turn    (no ring)
MPRegen 0.10/turn

%: no passive effects
@: mighty, mesmerised
A: horns 2, retaliatory headbutt
a: Renounce Religion, Heroism


You were on level 6 of the Dungeon.
You worshipped Okawaru.
Okawaru was most pleased with you.
You visited 1 branch of the dungeon, and saw 6 of its levels.

You collected 267 gold pieces.

Inventory:

Hand Weapons
 a - a +0 war axe of freezing
 n - a +4 war axe of flaming (weapon)
 p - the +4 falchion of Goamiol {flame, rPois rN+}
   (You found it on level 5 of the Dungeon)

   rPois:     It protects you from poison rN+: It protects you from negative
   energy.
Armour
 b - a +0 scale mail
 c - a +1 buckler (worn)
 v - a +0 chain mail (worn)
Jewellery
 m - an amulet of guardian spirit
 o - a ring of protection from cold
 s - a +6 ring of dexterity
Wands
 u - a wand of roots (9)
Scrolls
 e - a scroll of identify
 f - a scroll of teleportation
 i - 4 scrolls of noise
 k - 2 scrolls of poison
 q - a scroll of brand weapon
Potions
 d - a potion of might
 h - a potion of brilliance
 j - a potion of mutation
 l - a potion of lignification
 r - a potion of invisibility
 t - a potion of degeneration
 w - a potion of curing


   Skills:
 + Level 6.9 Fighting
 + Level 9.7 Axes
 + Level 7.4 Armour
 + Level 2.1 Dodging
 + Level 0.4 Stealth
 + Level 5.8 Shields


You had 7 spell levels left.
You didn't know any spells.
Your spell library contained the following spells:

 Spells                   Type           Power      Damage    Failure   Level
 Apportation              Tloc           0%         N/A       97%         1
 Necrotise                Necr           0%         1d4       97%         1
 Sting                    Conj/Alch      0%         1d3       97%         1
 Vampiric Draining        Necr           0%         2d6       100%        3
 Curse of Agony           Necr           0%         N/A       100%        5
 Summon Small Mammal      Summ           Unusable   N/A       N/A         1
 Martyr's Knell           Necr/Summ      Unusable   N/A       N/A         4

Dungeon Overview and Level Annotations

Branches:
Dungeon (6/15)
 Temple: D:4-7

Altars:
Cheibriados
Elyvilon
Hepliaklqana
Kikubaaqudgha
Okawaru
Qazlal
Ru
Uskayaw
Vehumet
Zin

Shops:
D:2 :=   D:3 *

Annotations:
D:6 Maggie


Innate Abilities, Weirdness & Mutations

You have a pair of horns on your head.
You reflexively headbutt those who attack you in melee.


Message History

Found a stone staircase leading down.
Maggie points at you and mumbles some strange words.
The bolt of fire hits you.
Maggie points at you and mumbles some strange words.
The bolt of fire hits you!!
Maggie hits you with a +2 halberd of flaming!
Maggie burns you.
You closely miss Maggie. You headbutt Maggie, but do no damage.
Maggie completely misses you.
You hit Maggie. You burn Maggie.
Maggie is lightly wounded.
Maggie hits you with a +2 halberd of flaming!
* * * LOW HITPOINT WARNING * * *
Maggie burns you.
* * * LOW HITPOINT WARNING * * *
You barely miss Maggie. You headbutt Maggie.
Maggie is lightly wounded.
Maggie hits you with a +2 halberd of flaming.
* * * LOW HITPOINT WARNING * * *
Maggie burns you.
* * * LOW HITPOINT WARNING * * *
You feel much better.
Maggie hits you with a +2 halberd of flaming.
Maggie burns you.
You feel very mighty all of a sudden. You block Maggie's attack.
You slash Maggie! You burn Maggie.
Maggie is heavily wounded.
Maggie hits you with a +2 halberd of flaming!
* * * LOW HITPOINT WARNING * * *
Maggie burns you.
* * * LOW HITPOINT WARNING * * *
You slash Maggie! You burn Maggie.
Maggie is severely wounded.
Maggie gestures wildly while chanting.
Maggie attempts to bespell you!
You are mesmerised by Maggie!
Maggie points at you and mumbles some strange words.
The bolt of fire hits you!!
You die...

#.......###......#
#................#
#......###.......#
#......# #.......#
. #......#
##......# ..
#......# #..)...#
#.# .......#
#####..# ..
.......# ##.#.##
..###### #@...#
.......@#>.#
######..#.....
.).# ###.# ...## #
####


You could see Maggie (mesmerising).

Vanquished Creatures
  Pikel (D:6)
  Jeremiah (D:6)
  Grinder (D:6)
  A black bear (D:5)
  A sky beast (D:6)
  A centaur (D:5)
  2 scorpions (D:5)
  2 orc priests
  A jelly (D:3)
  A bombardier beetle (D:3)
  4 hounds (D:5)
  An iguana (D:4)
  Terence (D:2)
  Natasha (thrice) (D:2)
  3 orc wizards
  5 adders
  2 ufetubi (D:3)
  A ribbon worm (D:3)
  4 dart slugs
  19 orcs
  3 ball pythons
  3 bats
  6 endoplasms
  4 giant cockroaches
  A goblin (D:4)
  8 hobgoblins
  6 jackals (D:2)
  2 frilled lizards (D:1)
  9 kobolds
  5 rats
102 creatures vanquished.

Notes
Turn   | Place    | Note
-------+----------+-------------------------------------------
     0 | D:1      | Silvore the Minotaur Fighter began the quest for the Orb.
     0 | D:1      | Reached XP level 1. HP: 19/19 MP: 0/0
   128 | D:1      | Reached XP level 2. HP: 26/27 MP: 1/1
   911 | D:2      | Reached XP level 3. HP: 27/34 MP: 2/2
   940 | D:2      | Found Han Reew's Jewellery Shoppe.
  1036 | D:2      | Found Guruobrue's Book Emporium.
  1084 | D:2      | Noticed Natasha
  1087 | D:2      | Killed Natasha
  1088 | D:2      | Reached skill level 3 in Axes
  1162 | D:2      | Found a faded altar of an unknown god.
  1196 | D:2      | Noticed Terence
  1206 | D:2      | Killed Terence
  1207 | D:2      | Reached XP level 4. HP: 31/41 MP: 3/3
  1311 | D:2      | Reached skill level 4 in Axes
  1328 | D:2      | Noticed Natasha
  1333 | D:2      | Killed Natasha
  1355 | D:2      | Found a glowing silver altar of Zin.
  1389 | D:2      | You fall into a shaft and drop 2 floors!
  1533 | D:4      | Found a hide-covered altar of Uskayaw.
  1571 | D:4      | Found a stormy altar of Qazlal.
  1622 | D:4      | Reached XP level 5. HP: 47/47 MP: 4/4
  1672 | D:4      | Found an iron altar of Okawaru.
  1684 | D:4      | Became a worshipper of Warmaster Okawaru
  1713 | D:3      | Found Wubrih's General Store.
  1752 | D:3      | Found a white marble altar of Elyvilon.
  1800 | D:3      | Reached skill level 5 in Axes
  1905 | D:3      | Reached XP level 6. HP: 46/53 MP: 5/5
  2069 | D:2      | Noticed Natasha
  2073 | D:2      | Killed Natasha
  2074 | D:2      | Reached skill level 5 in Armour
  2514 | D:3      | Found a snail-covered altar of Cheibriados.
  2520 | D:3      | Reached skill level 1 in Dodging
  3482 | D:5      | Entered Level 5 of the Dungeon
  3495 | D:5      | Identified the +4 falchion of Goamiol {flame, rPois rN+}
  3549 | D:5      | Reached * piety under Okawaru
  3550 | D:5      | Reached skill level 5 in Fighting
  3550 | D:5      | Reached skill level 6 in Axes
  3582 | D:5      | Reached XP level 7. HP: 56/61 MP: 6/6
  3626 | D:5      | Found an ancient bone altar of Kikubaaqudgha.
  3874 | D:5      | Found a radiant altar of Vehumet.
  3874 | D:5      | Found a sacrificial altar of Ru.
  3912 | D:5      | Found a hazy altar of Hepliaklqana.
  3963 | D:5      | Reached skill level 7 in Axes
  4038 | D:5      | Found a glowing silver altar of Zin.
  4169 | D:5      | Reached skill level 5 in Shields
  4381 | D:6      | Reached ** piety under Okawaru
  4399 | D:6      | Noticed Grinder
  4409 | D:6      | Killed Grinder
  4410 | D:6      | Reached skill level 8 in Axes
  4410 | D:6      | Reached XP level 8. HP: 50/70 MP: 7/7
  4501 | D:6      | Noticed Pikel
  4511 | D:6      | Noticed Jeremiah
  4513 | D:6      | Killed Pikel
  4514 | D:6      | Reached skill level 9 in Axes
  4579 | D:6      | Killed Jeremiah
  4579 | D:6      | Reached *** piety under Okawaru
  4749 | D:6      | Noticed Maggie
  4761 | D:6      | Killed from afar by Maggie

Illustrated notes

Levels and vault maps discovered:
D:1:      noname_arrival_rooms_in_the_neighbourhood, layout_loops_cross,
          minmay_hexomino_u4
D:2:      layout_basic, shapermc_ecumenical_altar_venn, serial_shops, shop,
          nicolae_shop_gaudy_bauble, basic_altar, uniq_natasha, uniq_terence
D:3:      layout_loops_corners, slow_altar_2, old_standard_altar, serial_shops,
          nicolae_shop_tiny_glass
D:4:      layout_loops_ring, nicolae_overflow_crystal_walls,
          mainiacjoe_overflow_small_starburst, mainiacjoe_overflow_paths,
          kennysheep_donut, supply_closet_lemuel, nrook_mini_backslash
D:5:      layout_loops_ring, worldfamousw_hep_ancestral_shrine,
          gammafunk_temple_overflow_statue, lemuel_tele_altar,
          lemuel_crystal_altar, kennysheep_generic_room_15
D:6:      layout_basic, uniq_jeremiah, uniq_menkaure, uniq_grinder, uniq_maggie,
          uniq_pikel

Skill      XL: |  1  2  3  4  5  6  7  8 |
---------------+-------------------------+-----
Armour         | 4 5 6 7 |  7.4
Fighting       | 4 5 6 |  6.9
Axes           | 3 4 5 6 8 9 |  9.7
Shields        | 4 5 |  5.8
Dodging        | 1 2 |  2.1
Stealth        | |  0.4

Action                     |  1- 3 |  4- 6 |  7- 9 || total
---------------------------+-------+-------+-------++-------
  Melee: War axe           |    60 |    83 |    88 ||   231
         Headbutt          |     7 |     7 |    11 ||    25
    Use: Scroll            |     7 |     5 |     3 ||    15
         Potion            |       |     1 |     2 ||     3
 Armour: Scale mail        |    45 |    60 |    22 ||   127
         Chain mail        |       |       |    39 ||    39
  Dodge: Dodged            |    41 |    41 |    30 ||   112
  Block: Buckler           |    18 |    20 |    27 ||    65
